Map: Frozen Temple

Players

IIIIIIIIIIII

  • Race: Protoss Protoss
  • League: Master

Miszu - Winner!

  • Race: Terran Terran
  • League: Master

VOD

Have the link to the VOD?

Description

Time

  • Played on: April 1, 2016, 5:29 p.m.
  • Length: 8:04
Show
View Real Time Build Order
Export as new Build Order

IIIIIIIIIIII Protoss 

Build Orders: Oracle Opening 

Get SALT Encoding   

  12  0:01  Probe (Chrono Boost)  
  13  0:11  Probe (Chrono Boost)  
  14  0:20  Pylon  
  14  0:22  Probe (Chrono Boost)  
  15  0:38  Probe (Chrono Boost)  
  15  0:39  Gateway  
  16  0:49  Probe (Chrono Boost)  
  17  0:50  Assimilator  
  17  0:59  Probe (Chrono Boost)  
  17  1:01  Assimilator  
  18  1:10  Probe (Chrono Boost)  
  19  1:23  Probe (Chrono Boost)  
  20  1:26  Cybernetics Core  
  20  1:33  Pylon  
  20  1:34  Probe (Chrono Boost)  
  21  1:44  Pylon, Probe (Chrono Boost)  
  22  1:55  Probe (Chrono Boost)  
  23  2:05  Adept (Chrono Boost), Stargate  
  25  2:13  Probe  
  26  2:25  Pylon, Probe  
  27  2:33  Adept (Chrono Boost)  
  29  2:49  Oracle (Chrono Boost)  
  32  3:02  Nexus  
  32  3:04  Pylon, Probe  
  32  3:18  Mothership Core (Chrono Boost)  
  32  3:28  Adept  
  34  3:37  Probe (Chrono Boost)  
  34  3:47  Probe (Chrono Boost)  
  35  3:50  Warp Gate (Chrono Boost)  
  35  3:59  Probe  
  36  4:07  Robotics Facility  
  36  4:08  Sentry  
  38  4:11  Probe  
  38  4:13  Probe  
  40  4:21  Pylon  
  40  4:23  Probe x2  
  42  4:34  Probe  
  42  4:35  Probe  
  44  4:44  Probe  
  41  4:47  Probe  
  41  4:49  Gateway  
  41  4:51  Gateway  
  43  4:55  Probe  
  43  4:56  Observer (Chrono Boost), Robotics Bay  
  43  4:59  Probe  
  46  5:07  Probe  
  46  5:09  Assimilator  
  46  5:11  Probe, Assimilator  
  48  5:15  Warp Prism  
  48  5:19  Probe  
  51  5:23  Probe  
  52  5:31  Pylon  
  52  5:33  Probe  
  52  5:34  Pylon  
  53  5:46  Pylon, Gravitic Drive (Chrono Boost)  
  53  5:47  Probe  
  53  5:48  Probe  
  55  5:51  Disruptor (Chrono Boost)  
  58  6:00  Probe x2  
  58  6:01  Pylon  
  59  6:07  Stalker x2  
  63  6:22  Stalker  
  63  6:25  Forge  
  65  6:27  Twilight Council  
  65  6:30  Disruptor (Chrono Boost)  
  68  6:34  Probe x2  
  70  6:44  Stalker x2  
  70  6:46  Probe  
  75  6:51  Pylon  
  75  7:02  Nexus  
  75  7:11  Adept x3  
  75  7:14  Disruptor (Chrono Boost)  
  84  7:34  Stalker x3  
  87  7:39  Gateway x2  
Show
View Real Time Build Order
Export as new Build Order

Miszu Terran - Winner!

Build Orders: MMM Bio 

Get SALT Encoding   

  12  0:01  SCV  
  13  0:13  SCV  
  14  0:18  Supply Depot  
  14  0:25  SCV  
  15  0:39  SCV  
  16  0:44  Barracks  
  16  0:47  Refinery  
  16  0:51  SCV  
  17  1:04  SCV  
  18  1:16  SCV  
  19  1:31  Orbital Command  
  20  1:32  Reaper  
  20  1:44  Command Center  
  20  1:54  Supply Depot  
  20  1:57  SCV  
  21  2:05  Barracks Reactor  
  21  2:09  SCV  
  21  2:11  Refinery  
  22  2:21  SCV  
  23  2:25  Factory  
  23  2:33  SCV  
  24  2:42  Marine x2  
  26  2:45  SCV  
  27  2:56  Orbital Command  
  27  3:00  Bunker, Marine x2  
  29  3:05  SCV  
  29  3:09  Supply Depot  
  29  3:10  Factory Tech Lab  
  30  3:17  SCV  
  30  3:18  Marine  
  32  3:26  SCV  
  33  3:27  Marine  
  33  3:30  SCV  
  35  3:35  Marine  
  35  3:38  Cyclone, SCV  
  38  3:42  SCV  
  37  3:55  SCV  
  38  4:04  Engineering Bay  
  38  4:08  SCV  
  38  4:09  SCV  
  40  4:11  Marine x2  
  42  4:20  SCV  
  42  4:21  SCV  
  44  4:28  Barracks  
  44  4:29  Barracks  
  44  4:33  SCV x2  
  46  4:45  SCV x2  
  48  4:48  Missile Turret  
  48  4:51  Terran Infantry Weapons Level 1  
  48  4:53  Starport  
  48  4:54  Supply Depot  
  48  4:57  SCV x2  
  48  4:58  Factory Reactor  
  50  5:01  Marine x2  
  52  5:09  SCV x2  
  52  5:14  Refinery  
  54  5:16  Supply Depot  
  55  5:21  SCV x2  
  55  5:28  Barracks Tech Lab  
  56  5:30  Marine x2  
  56  5:33  SCV  
  56  5:34  SCV  
  60  5:37  Barracks, Stimpack  
  60  5:38  Barracks  
  60  5:44  Supply Depot, Marauder  
  60  5:45  SCV  
  60  5:46  SCV  
  60  5:49  Marauder  
  66  5:52  Medivac x2  
  66  5:53  Combat Shields  
  70  6:00  Supply Depot  
  70  6:05  Marine, SCV x2  
  70  6:06  Marine x2  
  75  6:16  Marauder  
  75  6:17  SCV  
  78  6:22  SCV  
  78  6:23  Marine x2  
  78  6:24  Marine  
  82  6:26  Medivac x2  
  82  6:30  Supply Depot  
  82  6:31  Marine x2, SCV  
  89  6:33  Supply Depot  
  89  6:37  Marine  
  90  6:41  Marine x3  
  90  6:42  Refinery  
  90  6:46  Liberator  
  93  6:47  Liberator  
  93  6:48  SCV  
  93  6:51  Marine x2  
  96  6:54  Marine  
  96  6:58  Supply Depot x2  
  96  6:59  Marine x3  
  106  7:09  Marine  
  106  7:10  Marine  
  106  7:13  Marine  
  109  7:16  Marine  
  109  7:19  Marine x2  
  111  7:27  Marine  
  111  7:28  Marine  
  113  7:30  Marine  
  113  7:34  Marine  
  113  7:37  Marine, Marauder  
  109  7:45  Marine  
  109  7:46  Marine  
Tags
 
Add a new tag
Caveats
  • Supply blocks, unpowered buildings, or Contaminate may cause inaccurate times.
  • Supply counts are checked every 10 seconds.